 Dungeon Crawl Stone Soup version 0.28-a0-309-gf6d37e6e1d (webtiles) character file.

Game seed: 1389114529208428299

2654 PentaManta the Basher (level 9, -9/51 HPs)
             Began as a Gargoyle Monk on Aug 30, 2021.
             Shot with a sling bullet by Joseph (15 damage)
             ... on level 8 of the Dungeon.
             The game lasted 00:15:29 (6787 turns).

PentaManta the Basher (Gargoyle Monk)               Turns: 6787, Time: 00:15:30

Health: -9/51      AC: 11    Str: 24    XL:     9   Next: 62%
Magic:  9/9        EV: 11    Int: 11    God:
Gold:   376        SH:  0    Dex:  8    Spells: 8/8 levels left

rFire   + . .      SeeInvis .   z - +3 flail (protect)
rCold   . . .      Faith    .   (no shield)
rNeg    + + .      Spirit   .   c - +0 acid dragon scales
rPois   ∞          Reflect  .   (no helmet)
rElec   +          Harm     .   q - +0 cloak
rCorr   +          Rampage  .   t - +0 pair of gloves
Will    .....                   i - +0 pair of boots
Stlth   +.........              m - amulet of regeneration
HPRegen 1.17/turn               w - +6 ring of strength
MPRegen 0.11/turn               a - ring of Plog {rF+ rN+ Dex-4 Slay+5}

@: corroded
A: sickness immunity, AC +6, negative energy resistance 1, electricity
resistance, torment resistance 1, petrification resistance
a: no special abilities


You were on level 8 of the Dungeon.
You visited 2 branches of the dungeon, and saw 9 of its levels.

You collected 376 gold pieces.

Inventory:

Hand Weapons
 d - a +3 vorpal flail
 z - a +3 flail of protection (weapon)
Missiles
 e - 26 poisoned darts
 p - 5 javelins
 u - 8 boomerangs (quivered)
Armour
 c - +0 acid dragon scales (worn)
 i - a +0 pair of boots (worn)
 q - a +0 cloak (worn)
 t - a +0 pair of gloves (worn)
 E - a +3 leather armour of cold resistance
Jewellery
 a - the ring of Plog (right hand) {rF+ rN+ Dex-4 Slay+5}
   (You acquired it on level 6 of the Dungeon)

   [ring of protection from fire]

   Dex:       It affects your dexterity (-4).
   Slay:      It affects your accuracy & damage with ranged weapons and melee
   (+5).
   rF:        It protects you from fire.
   rN:        It protects you from negative energy.
 m - an amulet of regeneration (around neck)
 w - a +6 ring of strength (left hand)
Wands
 h - a wand of iceblast (10)
 v - a wand of mindburst (13)
 F - a wand of digging (4)
Scrolls
 b - 2 scrolls of enchant armour
 f - a scroll of teleportation
 g - 3 scrolls of summoning {unknown}
 k - a scroll of acquirement
 l - 4 scrolls of vulnerability {unknown}
 x - 2 scrolls of blinking {unknown}
 y - 3 scrolls of noise {unknown}
 C - a scroll of magic mapping {unknown}
 D - a scroll of silence {unknown}
 G - a scroll of brand weapon {unknown}
Potions
 j - 4 potions of curing
 n - 2 potions of haste
 o - 2 potions of mutation
 r - a potion of brilliance
 s - 2 potions of degeneration {unknown}
 A - a potion of attraction {unknown}
 B - a potion of might


   Skills:
 - Level 3.2 Fighting
 + Level 12.8 Maces & Flails
 - Level 2.4 Dodging
 - Level 2.1 Stealth


You had 8 spell levels left.
You didn't know any spells.
Your spell library contained the following spells:

 Spells                   Type           Power      Damage    Failure   Level
 Wereblood                Tmut           0%         N/A       56%         2
 Conjure Flame            Conj/Fire      0%         6-21      80%         3
 Gell's Gravitas          Tloc           0%         N/A       80%         3
 Ignite Poison            Fire/Tmut/Pois 0%         N/A       80%         3
 Lesser Beckoning         Tloc           0%         N/A       80%         3
 Teleport Other           Tloc           0%         N/A       80%         3
 Sticky Flame             Conj/Fire      0%         2d3       99%         4
 Summon Hydra             Summ           0%         N/A       100%        7
 Sublimation of Blood     Necr           Unusable   N/A       N/A         2

Dungeon Overview and Level Annotations

Branches:
Dungeon (8/15)             Temple (1/1) D:5
   Lair: D:8-11

Altars:
Ashenzari
Dithmenos
Elyvilon
Fedhas
Gozag
Hepliaklqana
Kikubaaqudgha
Makhleb
Nemelex Xobeh
Qazlal
Ru
Trog
Uskayaw
Vehumet
Wu Jian
Xom
Yredelemnul
The Shining One

Annotations:
D:3 1 runed translucent door, Malachi's ghost, amateur DrTm
D:7 2 transporters
D:8 Joseph


Innate Abilities, Weirdness & Mutations

You are immune to sickness and miasma.
Your stone body is resilient. (AC +6)
You are immune to poison.
You resist negative energy. (rN+)
You are resistant to electric shocks. (rElec)
You are resistant to unholy torment.
You are immune to petrification.


Message History

The shadow imp disappears for a moment.
The shadow imp shouts, "Embrace thy fall, thou clouted weevil-witted serf!"
The orc priest sings a few bars from the Orcish anthem.
There is a stone staircase leading down here.
Partly explored, unvisited transporter.
Partly explored, unvisited transporter.
Partly explored, unvisited transporter.
Partly explored, unvisited transporter.
Partly explored, unvisited transporter.
There is a stone staircase leading down here.
You climb downwards.
Joseph shouts!
The centaur shouts!
You hear a shout! x2
There is a stone staircase leading up here.
The centaur wields a +0 shortbow.
The centaur shoots an arrow.
The arrow hits you but does no damage.
Joseph unwields a +0 quarterstaff.
Joseph wields a +0 hunting sling.
Joseph shoots a sling bullet.
The sling bullet hits you!
Found 16 gold pieces.
You barely miss Joseph.
The centaur unwields a +0 shortbow.
The centaur hits you but does no damage.
The centaur kicks you but does no damage.
Joseph zaps a wand.
The bolt of acid hits you! You resist.
You thump Joseph!
Your weapon exudes an aura of protection.
Joseph is lightly wounded.
The centaur hits you.
The centaur kicks you but does no damage.
Joseph zaps a wand.
The bolt of acid hits you! You resist. The acid corrodes you!
Joseph shoots a sling bullet.
The sling bullet hits you! The centaur barely misses you.
The centaur misses you.
The centaur wields a +0 shortbow.
The centaur shoots an arrow.
The arrow hits you but does no damage.
Joseph shoots a sling bullet.
The sling bullet hits you!
* * * LOW HITPOINT WARNING * * *
There is a stone staircase leading up here.
Unknown command.
The centaur shoots an arrow.
The arrow completely misses you.
Joseph shoots a sling bullet.
The sling bullet hits you!
You die...

##.....##
.##.......#
.........#
###.......#
..........####
##...........
###...@....#
...........#
$.#....c.@##
.........##
..#...##..
...... ....
...#..######
#.... .....


You could see Joseph and a centaur.

Vanquished Creatures
  Maggie (D:6)
  Grinder (D:6)
  A wyvern (D:7)
  Menkaure (D:6)
  Edmund (D:6)
  A water moccasin (D:7)
  Duvessa (D:6)
  A black bear (D:2)
  A sky beast (D:7)
  A hornet zombie (D:7)
  A centaur (D:7)
  A gnoll sergeant (D:6)
  A wyvern zombie (D:7)
  3 scorpions
  Dowan (D:6)
  2 water moccasin skeletons
  3 howler monkeys
  A centaur zombie (D:7)
  2 jellies
  3 hounds
  An orc priest (D:3)
  Crazy Yiuf (D:6)
  An orc wizard (D:3)
  2 iguanas
  A killer bee zombie (D:7)
  A hound skeleton (D:4)
  8 gnolls
  11 adders
  3 shadow imps
  2 white imps (D:5)
  2 ufetubi
  An adder skeleton (D:5)
  3 worms
  A dart slug (D:2)
  18 orcs
  9 ball pythons
  6 endoplasms
  2 giant cockroaches
  9 goblins
  4 hobgoblins
  3 jackals
  A quokka (D:4)
  4 bats
  6 frilled lizards
  5 kobolds
  5 rats
  A spectral orc (D:7)
139 creatures vanquished.

Vanquished Creatures (others)
  2 withered plants (D:3)
2 creatures vanquished.

Grand Total: 141 creatures vanquished

Notes
Turn   | Place    | Note
-------+----------+-------------------------------------------
     0 | D:1      | PentaManta the Gargoyle Monk began the quest for the Orb.
     0 | D:1      | Reached XP level 1. HP: 14/14 MP: 1/1
    13 | D:1      | Noticed a minotaur skeleton
   353 | D:2      | Reached XP level 2. HP: 19/19 MP: 2/2
  1072 | D:2      | Reached skill level 4 in Maces & Flails
  1106 | D:1      | Reached XP level 3. HP: 16/23 MP: 3/3
  1757 | D:2      | Reached XP level 4. HP: 5/28 MP: 4/4
  2060 | D:2      | Reached skill level 5 in Maces & Flails
  2428 | D:2      | Reached XP level 5. HP: 32/32 MP: 5/5
  2643 | D:2      | Noticed a black bear
  2652 | D:2      | Killed a black bear
  2653 | D:2      | Reached skill level 6 in Maces & Flails
  2653 | D:2      | Reached XP level 6. HP: 23/37 MP: 6/6
  3207 | D:3      | Found an ancient bone altar of Kikubaaqudgha.
  3237 | D:3      | Found an opulent altar of Gozag.
  3283 | D:3      | Reached skill level 7 in Maces & Flails
  3421 | D:3      | Found a runed translucent door.
  3421 | D:3      | Noticed Malachi's ghost (amateur DrTm)
  4195 | D:4      | Found a blossoming altar of Fedhas.
  4437 | D:4      | Found a sacrificial altar of Ru.
  4506 | D:4      | Found a broken altar of Ashenzari.
  4582 | D:4      | Reached XP level 7. HP: 41/41 MP: 7/7
  4803 | D:5      | Entered Level 5 of the Dungeon
  4837 | D:5      | Found a staircase to the Ecumenical Temple.
  4900 | D:5      | Reached skill level 8 in Maces & Flails
  4922 | Temple   | Entered the Ecumenical Temple
  5383 | D:5      | Found an ornate altar of the Wu Jian Council.
  5646 | D:6      | Noticed Grinder
  5649 | D:6      | Paralysed by Grinder for 6 turns
  5665 | D:6      | Killed Grinder
  5666 | D:6      | Reached skill level 9 in Maces & Flails
  5666 | D:6      | Reached XP level 8. HP: 46/46 MP: 8/8
  5679 | D:6      | Noticed Menkaure
  5684 | D:6      | Killed Menkaure
  5712 | D:6      | Reached skill level 10 in Maces & Flails
  5821 | D:6      | Found a runed translucent door.
  5822 | D:6      | Noticed Crazy Yiuf
  5876 | D:6      | Noticed Maggie
  5876 | D:6      | Noticed Edmund
  5981 | D:6      | Identified 2 scrolls of acquirement
  5981 | D:6      | Acquired the ring of Plog {rF+ rN+ Dex-4 Slay+5}
  5998 | D:6      | Killed Edmund
  6008 | D:6      | Killed Maggie
  6044 | D:6      | Reached skill level 11 in Maces & Flails
  6055 | D:6      | Noticed Duvessa
  6057 | D:6      | Noticed Dowan
  6062 | D:6      | Killed Duvessa
  6072 | D:6      | Killed Dowan
  6073 | D:6      | Reached XP level 9. HP: 49/51 MP: 9/9
  6177 | D:6      | Killed Crazy Yiuf
  6349 | D:7      | Reached skill level 12 in Maces & Flails
  6354 | D:7      | Found a transporter.
  6389 | D:7      | Found a transporter.
  6403 | D:7      | Noticed a kobold demonologist
  6404 | D:7      | Noticed a kobold demonologist
  6511 | D:7      | Found a glowing golden altar of the Shining One.
  6629 | D:7      | Found a hazy altar of Hepliaklqana.
  6685 | D:7      | Found a basalt altar of Yredelemnul.
  6780 | D:8      | Noticed Joseph
  6787 | D:8      | Shot with a sling bullet by Joseph

Illustrated notes

Levels and vault maps discovered:
D:1:      shiori_arrival_whats_in_store_for_you, layout_loops_ring
D:2:      minmay_inner_zag, layout_basic
D:3:      layout_loops_ring, mainiacjoe_overflow_cross_hatched,
          grunt_gozag_statues, gammafunk_ghost_grave, grunt_ministairs_2,
          chequers_hall_statues_wall_a, serial_bayou_pond_c, st_stairs_9,
          hangedman_decor_points
D:4:      layout_basic, lemuel_round_altar, ashenzari_altar_1,
          nicolae_ru_awakened_eye
D:5:      layout_loops_cross, nzn_wu_jian_contemplation,
          minmay_temple_entry_offerings
D:6:      layout_basic, uniq_maggie, uniq_grinder, uniq_edmund, uniq_duvessa,
          uniq_menkaure, uniq_crazy_yiuf_cottage
D:7:      gammafunk_wand_slinger, layout_rooms,
          nicolae_hepliaklqana_monster_ancestors, lemuel_tele_altar,
          nicolae_tso_carved_into_rock, minmay_misc_feat_enclosed
D:8:      layout_rooms, okawaru_altar_gauntlet_db, slow_altar_2,
          amcnicky_altar_gilded, uniq_grum, uniq_maurice, uniq_joseph
Temple:   nicolae_temple_figure_zero

Skill      XL: |  1  2  3  4  5  6  7  8  9 |
---------------+----------------------------+-----
Maces & Flails | 4 5 6 7 9 11 12 | 12.8
Fighting       | |  3.2
Dodging        | |  2.4
Stealth        | |  2.1

Action                   |  1- 3 |  4- 6 |  7- 9 || total
-------------------------+-------+-------+-------++-------
Melee: Mace              |    32 |    50 |       ||    82
       Rapier            |    62 |   118 |       ||   180
       Flail             |       |    41 |   220 ||   261
Evoke: Wand              |       |       |     1 ||     1
  Use: Potion            |       |     1 |       ||     1
       Scroll            |       |       |     8 ||     8
 Stab: Sleeping          |     1 |     2 |       ||     3
Armor: Robe              |     8 |       |       ||     8
       Ring mail         |    36 |    46 |       ||    82
       Scale mail        |       |    40 |    71 ||   111
       Acid dragon scale |       |       |    60 ||    60
Dodge: Dodged            |    71 |   103 |   134 ||   308

Table legend: (Time is in decaauts)
 A = Elapsed time spent in this place.
 B = Non-inter-level travel time spent in this place.
 C = Inter-level travel time spent in this place.
 D = Time resting spent in this place.
 E = Time spent auto-exploring this place.
 F = Levels seen in this place.
 G = Mean time per level.
                   A        B        C        D        E       F      G
               +--------+--------+--------+--------+--------+-----+--------+
         Total |   6747 |   6535 |    212 |    981 |   4024 |   9 |  749.7 |
       Dungeon |   6623 |   6420 |    203 |    981 |   3911 |   8 |  827.9 |
        Temple |    123 |    114 |      9 |      0 |    113 |   1 |  123.0 |
               +--------+--------+--------+--------+--------+-----+--------+

Top non-repeatable levels by time:
     D:1: 1573 daAuts
     D:2: 1533 daAuts
     D:3: 881 daAuts
     D:4: 820 daAuts
     D:5: 683 daAuts
     D:6: 601 daAuts
     D:7: 522 daAuts
  Temple: 123 daAuts
     D:8: 6 daAuts
